 Dungeon Crawl Stone Soup version 0.17-a0-1133-gfb1399f (webtiles) character file.

44 Howbazah the Sneak (level 3, -9/16 HPs)
             Began as a Spriggan Enchanter on May 25, 2015.
             Killed from afar by Sigmund (12 damage)
             ... with a magic dart
             ... on level 2 of the Dungeon.
             The game lasted 00:10:32 (1711 turns).

Howbazah the Sneak (Spriggan Enchanter)             Turns: 1711, Time: 00:10:32

Health: -9/16      AC:  3    Str:  5    XL:     3   Next: 39%
Magic:  8/8        EV: 18    Int: 16    God:
Gold:   89         SH:  0    Dex: 16    Spells: 2 memorised, 4 levels left

rFire  . . .     SeeInvis +     a - +1 dagger
rCold  . . .     Clarity  .     b - +1 robe
rNeg   . . .     SustAt   .     (shield restricted)
rPois  .         Gourm    .     (helmet restricted)
rElec  .         Spirit   .     (no cloak)
rCorr  .         Warding  .     (gloves unavailable)
rMut   .         Stasis   .     (boots unavailable)
MR     .....                    (no amulet)
Stlth  ++++......               (no ring)
                                (no ring)

@: very quick, not resistant to hostile enchantments, stealthy
A: unfitting armour, see invisible, herbivore 3, speed 3, slow metabolism 2
a: no special abilities


You were on level 2 of the Dungeon.
You were not hungry.

You visited 1 branch of the dungeon, and saw 3 of its levels.

You collected 89 gold pieces.

Inventory:

Hand weapons
 a - a +1 dagger (weapon)
 m - a +0 hunting sling
Missiles
 l - 12 bolts of flame
Armour
 b - a +1 robe (worn)
Scrolls
 f - a scroll of enchant weapon {unknown}
 g - a scroll of teleportation {unknown}
 h - 2 scrolls of remove curse {unknown}
 n - a scroll of blinking {unknown}
Potions
 e - a potion of agility {unknown}
 i - 2 potions of might {unknown}
 k - a potion of mutation {unknown}
Books
 c - a book of Maledictions

   Spells                             Type                      Level
   a - Corona                         Hexes                        1
   b - Ensorcelled Hibernation        Hexes/Ice                    2
   c - Confuse                        Hexes                        3
   d - Tukima's Dance                 Hexes                        3
   e - Dazzling Spray                 Conjuration/Hexes            3
Comestibles
 d - 2 bread rations
 j - a royal jelly


   Skills:
 + Level 2.5 Short Blades
 - Level 3.0 Dodging
 + Level 5.9 Stealth
 - Level 2.6 Spellcasting
 - Level 3.6 Hexes


You had 4 spell levels left.
You knew the following spells:

 Your Spells              Type           Power        Failure   Level  Hunger
a - Corona                Hex            ##.....      6%          1    #......
b - Ensorcelled Hibernat  Hex/Ice        #.....       17%         2    ##.....


Dungeon Overview and Level Annotations

Branches:
Dungeon (3/15)

Altars:
Yredelemnul

Annotations:
D:2 Sigmund


Innate Abilities, Weirdness & Mutations

You are tiny and cannot use many weapons and most armour.
You have supernaturally acute eyesight.
You are a herbivore.
You cover ground extremely quickly.
You need consume almost no food.


Message History

Sigmund gestures at you while chanting. You resist with some effort.
Sigmund completely misses you.
You bump into the rock wall.
You closely miss Sigmund.
Sigmund is almost dead.
You feel less confused. Sigmund gestures at you while chanting.
You resist with some effort.
You hit Sigmund.
Sigmund is almost dead.
Sigmund hits you with a scythe!
Ouch! That really hurt!
* * * LOW HITPOINT WARNING * * *
Sigmund casts a spell at you. You resist with some effort.
Sigmund points at you and mumbles some strange words.
The magic dart hits you!
Ouch! That really hurt!
You die...

#.#....#
.####........>.###.#
#.####.#
.#.........#######.# ..#
#.# .#.#..#..........#.#
###
#.##.#.#..##.#.#####.#.#
#....#.#.....#.#..<# #.#
#....#.#.#####.#.### #.#
#....#.#.......# #.#
#####....#.############
#.#
..........>@....@......#
#.#
#######................#
#.#
####...################.#
#.##....).....<.........#
#......##.###############
#.##.#.##.# #.##...##.#
#.###...#.# #.# #.#.#.#


You could see Sigmund (invisible).

Vanquished Creatures
  An adder (D:2)
  A giant gecko (D:2)
  10 bats
  A giant cockroach (D:1)
  4 goblins
  2 hobgoblins (D:1)
  A quokka (D:2)
  2 ball pythons (D:1)
  4 jackals (D:1)
  3 kobolds
  4 rats (D:1)
33 creatures vanquished.

Notes
Turn   | Place    | Note
--------------------------------------------------------------
     0 | D:1      | Howbazah the Spriggan Enchanter began the quest for the Orb.
     0 | D:1      | Reached XP level 1. HP: 9/9 MP: 5/5
   173 | D:1      | Reached XP level 2. HP: 13/13 MP: 6/6
   239 | D:1      | Reached skill level 5 in Stealth
  1176 | D:2      | Learned a level 2 spell: Ensorcelled Hibernation
  1266 | D:2      | Reached XP level 3. HP: 16/16 MP: 8/8
  1270 | D:2      | Found a basalt altar of Yredelemnul.
  1402 | D:2      | Noticed Sigmund
  1711 | D:2      | Killed from afar by Sigmund

Vault maps used:
D:1:      onia_arrival_mini_maze
D:2:      nicolae_overflow_crystal_walls, first_bread, uniq_sigmund
D:3:      lemuel_upstairs_altar, uniq_jessica

Action                   || total
-------------------------++-------
Melee: Dagger            ||   124
 Cast: Corona            ||     1
       Ensorcelled Hiber ||     1
 Stab: Sleeping          ||    11
       Distracted        ||     1
